 Dungeon Crawl Stone Soup version 0.21-a0-153-g78480df (webtiles) character file.

990 tilp the Firebug (level 8, 0/58 HPs)
             Began as a Hill Orc Fire Elementalist on Aug 1, 2017.
             Slain by Grinder (11 damage)
             ... on level 5 of the Dungeon.
             The game lasted 00:22:12 (7631 turns).

tilp the Firebug (Hill Orc Fire Elementalist)       Turns: 7631, Time: 00:22:12

Health: 0/58       AC: -3    Str: 14    XL:     8   Next: 18%
Magic:  11/11      EV: 11    Int: 17    God:
Gold:   137        SH:  0    Dex: 11    Spells: 5/11 levels left

rFire    + . .     SeeInvis .   x - +7 Screaming Sword
rCold    . . .     Gourm    .   (no shield)
rNeg     . . .     Faith    .   B - +1 leather armour "Moulexei" {*Corrode rF+ Str+3}
rPois    .         Spirit   .   (no helmet)
rElec    .         Reflect  .   (no cloak)
rCorr    .         Harm     .   f - +0 pair of gloves
MR       .....                  (no boots)
Stlth    +.........             (no amulet)
HPRegen  0.19/turn              (no ring)
MPRegen  0.12/turn              (no ring)

@: corroded
A: no striking features
a: no special abilities


You were on level 5 of the Dungeon.
You were not hungry.

You visited 1 branch of the dungeon, and saw 5 of its levels.

You collected 277 gold pieces.
You spent 140 gold pieces at shops.

Inventory:

Hand Weapons
 k - a +0 dagger of speed
 x - the +7 Screaming Sword (weapon)
   (You found it on level 4 of the Dungeon)
Missiles
 l - 96 stones (quivered)
Armour
 f - a +0 pair of gloves (worn)
 B - the +1 leather armour "Moulexei" (worn) {*Corrode rF+ Str+3}
   (You bought it in a shop on level 5 of the Dungeon)

   It affects your strength (+3).
   It protects you from fire.
   It may corrode you when you take damage.
Jewellery
 h - an uncursed amulet of regeneration {unknown}
 A - a cursed ring of teleportation {unknown}
Wands
 y - a wand of lightning (2/15)
Scrolls
 d - 4 scrolls of amnesia {unknown}
 e - 4 scrolls of teleportation
 g - 4 scrolls of identify {unknown}
 j - 3 scrolls of magic mapping {unknown}
 m - 2 scrolls of recharging {unknown}
 q - a scroll of noise {unknown}
 t - 3 scrolls of enchant weapon {unknown}
 u - 2 scrolls of blinking {unknown}
 w - a scroll of remove curse {unknown}
Potions
 a - a potion of mutation {unknown}
 i - 2 potions of lignification {unknown}
 n - a potion of ambrosia {unknown}
 o - a potion of brilliance
 p - 6 potions of curing
 r - 2 potions of heal wounds {unknown}
 s - a potion of berserk rage {unknown}
 v - a potion of might {unknown}
Books
 b - a book of Flames

   Spells                             Type                      Level
   a - Flame Tongue                   Conjuration/Fire             1
   b - Throw Flame                    Conjuration/Fire             2
   c - Conjure Flame                  Conjuration/Fire             3
   d - Inner Flame                    Hexes/Fire                   3
   e - Sticky Flame                   Conjuration/Fire             4
   f - Fireball                       Conjuration/Fire             5
Comestibles
 c - 3 bread rations


   Skills:
 + Level 0.5 Fighting
 + Level 0.4 Long Blades
 + Level 1.7 Dodging
 - Level 1.5 Stealth
 - Level 2.0 Spellcasting
 * Level 6.7 Conjurations
 * Level 7.1 Fire Magic


You had 5 spell levels left.
You knew the following spells:

 Your Spells              Type           Power        Failure   Level  Hunger
a - Flame Tongue          Conj/Fire      ####.        1%          1    #......
b - Throw Flame           Conj/Fire      ####..       1%          2    ###....
c - Conjure Flame         Conj/Fire      ####....     4%          3    ###....


Dungeon Overview and Level Annotations

Branches:
Dungeon (5/15)
 Temple: D:4-7

Altars:
Xom

Shops:
D:5 ![*[

Annotations:
D:2 Sigmund, Terence
D:5 Grinder


Message History

Grinder is heavily wounded.
Grinder closely misses you.
You riposte.
You slash Grinder!
Grinder is severely wounded.
You barely miss Grinder.
Grinder is severely wounded.
Grinder hits you.
* * * LOW HITPOINT WARNING * * *
Grinder gestures at you. Pain shoots through your body!
* * * LOW HITPOINT WARNING * * *
You hit Grinder.
Grinder is almost dead.
The Screaming Sword shouts, "Lie to the sword, die by the sword!"
Grinder gestures at you. Pain shoots through your body!
* * * LOW HITPOINT WARNING * * *
You hit Grinder.
Grinder is almost dead.
Grinder hits you!
You die...

...#.# #.# #.#......#.###..
#.#.#...# #.# #.#......#.##.#.
......§.# #.# #.#......#.##...
#.# #.# #.#......#.#.#.# #.#
#.#####...#..###.#.... #.#
#.#..........[.∩..#.#. #)#
##.#.#####............. #.#
#....5.#<..##.###.#.#.#
##.###.###.....@................
...................####.##.#.#.#.
###.#.#.#.#..###.#.# #(##.......
#...#..........# #.##..#.#.#
###.###.#...#..## #.##.......
###.......#...# #.##...#.#.
#.#.#...#.#.# #.##.......
#.#....(#.#.###.##....#.#
#.#.#...#.....#.##.......


You could see Grinder.

Vanquished Creatures
  An ice beast (D:5)
  3 ogres
  3 scorpions
  2 howler monkeys (D:4)
  A crimson imp (D:4)
  A hound (D:5)
  An iguana (D:4)
  Natasha (thrice) (D:3)
  A hound skeleton (D:4)
  A howler monkey skeleton (D:5)
  5 adders
  5 gnolls
  3 oozes
  An adder zombie (D:2)
  2 adder skeletons (D:2)
  3 worms
  2 dart slugs (D:1)
  4 leopard geckos
  4 orcs
  A bat skeleton (D:2)
  5 giant cockroaches
  12 goblins
  6 hobgoblins
  8 jackals
  8 kobolds
  3 quokkas
  A ball python (D:4)
  11 bats
  6 frilled lizards
  A giant cockroach zombie (D:2)
  A jackal zombie (D:2)
  A leopard gecko skeleton (D:2)
  7 rats
  A fungus (D:4)
118 creatures vanquished.

Vanquished Creatures (others)
  4 fungi (D:4)
4 creatures vanquished.

Grand Total: 122 creatures vanquished

Notes
Turn   | Place    | Note
-------+----------+-------------------------------------------
     0 | D:1      | tilp the Hill Orc Fire Elementalist began the quest for the Orb.
     0 | D:1      | Reached XP level 1. HP: 14/14 MP: 3/3
   206 | D:1      | Reached XP level 2. HP: 20/20 MP: 5/5
   213 | D:1      | Learned a level 2 spell: Throw Flame
  1031 | D:1      | Reached XP level 3. HP: 24/26 MP: 3/6
  1041 | D:1      | Learned a level 3 spell: Conjure Flame
  1787 | D:2      | Found a shimmering altar of Xom.
  1990 | D:2      | Reached XP level 4. HP: 33/33 MP: 4/7
  1992 | D:2      | Noticed Sigmund
  2367 | D:2      | Noticed Terence
  4001 | D:3      | Reached XP level 5. HP: 36/38 MP: 8/8
  4291 | D:3      | Noticed Natasha
  4296 | D:3      | Killed Natasha
  4377 | D:3      | Reached skill level 4 in Fire Magic
  4603 | D:3      | Noticed Natasha
  4608 | D:3      | Killed Natasha
  4608 | D:3      | Reached XP level 6. HP: 45/45 MP: 3/9
  5340 | D:4      | Reached skill level 5 in Conjurations
  5340 | D:4      | Reached skill level 5 in Fire Magic
  6003 | D:4      | Reached XP level 7. HP: 44/50 MP: 10/10
  6543 | D:3      | Noticed Natasha
  6547 | D:3      | Killed Natasha
  6547 | D:3      | Reached skill level 6 in Fire Magic
  6602 | D:5      | Entered Level 5 of the Dungeon
  6617 | D:5      | Noticed Grinder
  7021 | D:5      | Found Qawoox's Assorted Antiques.
  7022 | D:5      | Found Cuxuroh's Antique Armour Shop.
  7030 | D:5      | Bought a diamond-encrusted leather armour for 140 gold pieces
  7040 | D:5      | Identified the +1 leather armour "Moulexei" {*Corrode rF+ Str+3} (You bought it in a shop on level 5 of the Dungeon)
  7071 | D:5      | Found Pisoirep's Distillery.
  7087 | D:5      | Found Yqiug's Antique Armour Boutique.
  7265 | D:5      | Reached skill level 7 in Fire Magic
  7265 | D:5      | Reached XP level 8. HP: 57/57 MP: 5/11
  7631 | D:5      | Slain by Grinder

Vault maps used:
D:1:      lightli_arrival_boilingwater
D:2:      xom_teletrap_fun, first_bread, serial_undead, serial_undead_d,
          serial_undead_c, serial_undead_f, serial_undead_a, serial_undead_f,
          serial_undead_f, uniq_sigmund, uniq_terence
D:3:      kennysheep_six_static_rooms, st_stairs_4, kennysheep_generic_room_10,
          uniq_natasha
D:4:      old_forge, serial_forest, infiniplex_forest_end_2,
          infiniplex_forest_end_1, infiniplex_forest_clump_curved,
          infiniplex_forest_zigzag_2, infiniplex_forest_zigzag_2,
          infiniplex_forest_end_2, infiniplex_forest_pool,
          infiniplex_forest_clump_diagonal, infiniplex_forest_clump_small,
          infiniplex_forest_lined_3, minmay_mini_jars
D:5:      serial_shops, shop, nicolae_shop_statue_plus, shop, shop_statue,
          nicolae_shop_waterfront, st_stairs_2, hex_large, uniq_grinder

Skill      XL: |  1  2  3  4  5  6  7 |
---------------+----------------------+-----
Spellcasting   | 2 |  2.0
Conjurations   | 2 3 4 5 6 |  6.7
Fire Magic     | 4 5 7 |  7.1
Fighting       | |  0.5
Long Blades    | |  0.4
Dodging        | |  1.7
Stealth        | |  1.5

Action                   |  1- 3 |  4- 6 |  7- 9 || total
-------------------------+-------+-------+-------++-------
Melee: Short sword       |    41 |       |       ||    41
       Club              |     6 |       |       ||     6
       Dagger            |   105 |   279 |    31 ||   415
       Double sword      |       |       |    38 ||    38
Throw: Stone             |       |     3 |       ||     3
 Cast: Flame Tongue      |    28 |    81 |    36 ||   145
       Throw Flame       |     2 |     2 |     2 ||     6
       Conjure Flame     |     1 |     7 |     1 ||     9
  Use: Potion            |       |     2 |       ||     2
       Scroll            |       |     1 |       ||     1
 Stab: Sleeping          |       |     5 |       ||     5
  Eat: Chunk             |     3 |     6 |     1 ||    10
       Royal jelly       |     1 |     1 |       ||     2
       Meat ration       |       |     1 |       ||     1
       Fruit             |       |     1 |       ||     1
       Bread ration      |       |       |     2 ||     2
Armor: Robe              |    33 |    45 |     6 ||    84
       Leather armour    |       |       |     4 ||     4
Dodge: Dodged            |    92 |   166 |    36 ||   294
       Rpst.: Double sword |       |       |     4 ||     4
